 Dungeon Crawl Stone Soup version 0.28-a0-653-g7e9dba17c3 (webtiles) character file.

Game seed: 4292200972666816846

4566 AttackTheMoon the Spear-Bearer (level 10, -7/77 HPs)
             Began as a Merfolk Gladiator on Oct 11, 2021.
             Was a High Priest of Cheibriados.
             Killed from afar by Erica (16 damage)
             ... with a lance of force
             ... on level 7 of the Dungeon.
             The game lasted 00:19:28 (7639 turns).

AttackTheMoon the Spear-Bearer (Merfolk Gladiator)  Turns: 7639, Time: 00:19:29

Health: -7/77      AC:  9    Str: 29    XL:     10   Next: 40%
Magic:  14/14      EV: 24    Int: 21    God:    Cheibriados [*****.]
Gold:   278        SH:  0    Dex: 27    Spells: 11/11 levels left

rFire   + . .      SeeInvis .   m - +2 trident (venom)
rCold   . . .      Faith    .   (no shield)
rNeg    . . .      Spirit   .   f - +2 leather armour {rF+}
rPois   .          Reflect  .   c - +2 helmet
rElec   .          Harm     .   (no cloak)
rCorr   +          Rampage  .   (no gloves)
Will    .....                   k - +0 pair of boots
Stlth   +++.......              (no amulet)
HPRegen 0.22/turn               e - ring of resist corrosion
MPRegen 0.14/turn               g - +4 ring of evasion

@: very slow
A: (nimble swimmer 2), mertail
a: Renounce Religion, Bend Time, Temporal Distortion, Slouch, Step From Time


You were on level 7 of the Dungeon.
You worshipped Cheibriados.
Cheibriados was extremely pleased with you.
You visited 1 branch of the dungeon, and saw 8 of its levels.

You collected 278 gold pieces.

Inventory:

Hand Weapons
 a - a +0 trident
 m - a +2 trident of venom (weapon)
 w - a +0 glaive of distortion
Missiles
 d - 2 throwing nets (quivered)
 i - 4 silver javelins
Armour
 b - a +0 leather armour
 c - a +2 helmet (worn)
 f - a +2 leather armour of fire resistance (worn)
 k - a +0 pair of boots (worn)
 x - +0 acid dragon scales
Jewellery
 e - a ring of resist corrosion (left hand)
 g - a +4 ring of evasion (right hand)
Wands
 l - a wand of polymorph (8)
 v - a wand of flame (19)
Scrolls
 p - a scroll of holy word
 s - a scroll of blinking {unknown}
 t - a scroll of silence
 y - a scroll of identify
Potions
 h - a potion of degeneration
 j - 2 potions of lignification
 n - a potion of mutation
 o - a potion of magic {unknown}
 r - a potion of resistance {unknown}
 u - a potion of attraction {unknown}
 z - a potion of heal wounds
 A - a potion of flight {unknown}


   Skills:
 + Level 6.7 Fighting
 + Level 9.5 Polearms
 - Level 6.0 Throwing
 + Level 3.6 Armour
 + Level 8.6 Dodging
 - Level 2.7 Stealth
 - Level 4.0 Shields
 + Level 1.4 Spellcasting
 + Level 2.0 Transmutations
 + Level 5.9 Invocations


You had 11 spell levels left.
You didn't know any spells.
Your spell library contained the following spells:

 Spells                   Type           Power      Damage    Failure   Level
 Beastly Appendage        Tmut           18%        N/A       8%          1
 Wereblood                Tmut           9%         N/A       12%         2
 Shock                    Conj/Air       4%         1d3       17%         1
 Passwall                 Tmut/Erth      4%         N/A       17%         2
 Sublimation of Blood     Necr           0%         N/A       26%         2
 Spider Form              Tmut/Pois      2%         N/A       34%         3
 Stone Arrow              Conj/Erth      2%         3d7       45%         3
 Swiftness                Air            1%         N/A       45%         3
 Petrify                  Tmut/Erth      5%         N/A       75%         4
 Airstrike                Air            0%         N/A       86%         4
 Animate Armour           Summ/Erth      2%         N/A       86%         4
 Irradiate                Conj/Tmut      2%         3d14      97%         5
 Invisibility             Hex            0%         N/A       100%        6
 Lehudib's Crystal Spear  Conj/Erth      0%         10d2      100%        8


Dungeon Overview and Level Annotations

Branches:
Dungeon (8/15)             Temple (0/1) D:4
   Lair: D:8-11

Altars:
Cheibriados
Dithmenos
Kikubaaqudgha
Nemelex Xobeh
Vehumet
Xom
Yredelemnul
The Shining One

Annotations:
D:7 Erica


Innate Abilities, Weirdness & Mutations

((You are quick and stealthy near water. (Stealth+, EV+, Speed+++)))
Your lower body shifts to a powerful aquatic tail in water.


Message History

Cheibriados appreciates the change of pace.
Erica misses you.
Your Transmutations skill increases to level 2!
In your confused state, you trip and fall back down the stairs.
* * * LOW HITPOINT WARNING * * *
Erica completely misses you.
It was a potion of heal wounds.
You feel much better.
The howler monkey hoots and howls with incredible vigour!
Erica hits you with a +4 scimitar of flaming!!
* * * LOW HITPOINT WARNING * * *
Erica burns you.
* * * LOW HITPOINT WARNING * * *
You feel less confused. Erica completely misses you.
You climb upwards.
There is a stone staircase leading down here.
Okay, then.
Okay, then.
Okay, then.
Throw: 3 throwing nets
Press: ? - help, Q - select action, (/) - cycle Shift-Dir - straight line, f - Erica
Aim: Erica, wielding a +4 scimitar of flaming and wearing a +2 robe of willpower (heavily wounded, very poisoned, 68% to hit)
You throw a throwing net. The throwing net hits Erica.
Erica is caught in the net!
Erica is heavily wounded.
Erica struggles against the net.
You puncture Erica!
Erica is severely wounded.
Erica struggles against the net.
You catch the helpless Erica completely off-guard!
You hit Erica but do no damage.
Erica looks as sick as possible!
Erica is severely wounded.
Erica struggles against the net.
You hit Erica.
Erica looks as sick as possible!
Erica is almost dead.
You hit Erica but do no damage.
Erica looks as sick as possible!
Erica is almost dead.
Erica points at you and mumbles some strange words.
The lance of force hits you!
You die...

##.....# #......# #......#
#..(...# #.##...# #.##.#.#
#>##.#.# #### ######.##.#.# ##..#
#......@....#########
#...###....#..@...........#
##..###..[###.....≈≈≈≈≈≈≈..#
##..###..#.###.......≈≈≈≈≈≈.#
##...###....#....)>.8...._≈≈.##
......................≈≈≈≈≈≈..##
##.##....##.[#..###.≈≈≈≈≈≈≈....##
............##..###.............#
.........#...........##.........#


You could see Erica (caught, extremely poisoned).

Vanquished Creatures
  A two-headed ogre (D:6)
  Maurice (D:8)
  Maggie (D:6)
  2 steam dragons
  3 water moccasins
  An ice beast (D:8)
  An orc warrior (D:7)
  4 black bears
  4 necrophages
  An ogre (D:4)
  2 sky beasts
  A phantom (D:7)
  A kobold brigand (D:8)
  2 bullfrogs
  4 scorpions
  A water moccasin zombie (D:5)
  A wyvern skeleton (D:6)
  A water moccasin skeleton (D:5)
  3 wights (D:7)
  2 howler monkeys (D:8)
  2 bullfrog zombies (D:5)
  A hound (D:4)
  A bullfrog skeleton (D:5)
  A gnoll shaman (D:6)
  A human zombie (D:5)
  An orc priest (D:4)
  A centaur skeleton (D:5)
  2 iguanas
  A scorpion zombie (D:5)
  5 orc wizards (D:4)
  A hound zombie (D:5)
  3 mummies (D:5)
  A hound skeleton (D:4)
  2 howler monkey zombies (D:5)
  13 adders
  5 gnolls (D:6)
  A shadow imp (D:6)
  2 worms
  2 dart slugs
  19 orcs
  3 bats
  9 endoplasms
  8 giant cockroaches
  10 hobgoblins
  4 jackals (D:1)
  7 quokkas
  8 ball pythons
  3 frilled lizards
  8 goblins
  16 kobolds
  6 rats
184 creatures vanquished.

Vanquished Creatures (others)
  A fungus (D:1)
  A plant (D:1)
2 creatures vanquished.

Grand Total: 186 creatures vanquished

Notes
Turn   | Place    | Note
-------+----------+-------------------------------------------
     0 | D:1      | AttackTheMoon the Merfolk Gladiator began the quest for the
                  | Orb.
     0 | D:1      | Reached XP level 1. HP: 16/16 MP: 1/1
   324 | D:1      | Reached XP level 2. HP: 20/23 MP: 2/2
   549 | D:1      | Reached skill level 1 in Stealth
   677 | D:1      | Reached XP level 3. HP: 22/28 MP: 3/3
  1383 | D:1      | Found a faded altar of an unknown god.
  1388 | D:1      | Prayed at the altar of an unknown god.
  1388 | D:1      | Became a worshipper of Cheibriados the Contemplative
  1388 | D:1      | Reached * piety under Cheibriados
  1894 | D:2      | Reached skill level 5 in Polearms
  1894 | D:2      | Reached XP level 4. HP: 34/34 MP: 4/4
  1926 | D:2      | Noticed a necrophage
  1938 | D:2      | Killed a necrophage
  1938 | D:2      | Reached ** piety under Cheibriados
  1939 | D:2      | Reached skill level 1 in Invocations
  1939 | D:2      | Reached XP level 5. HP: 39/41 MP: 5/5
  1955 | D:2      | Reached skill level 5 in Dodging
  2152 | D:3      | Found a radiant altar of Vehumet.
  2262 | D:3      | Found a shimmering altar of Xom.
  3136 | D:3      | Found a glowing golden altar of the Shining One.
  3262 | D:3      | Reached XP level 6. HP: 47/47 MP: 7/7
  3618 | D:3      | Reached *** piety under Cheibriados
  3639 | D:3      | Identified the +0 buckler "Cibbib" {Harm rElec}
  3798 | D:4      | Noticed a necrophage
  3811 | D:4      | Killed a necrophage
  4117 | D:4      | Reached skill level 6 in Polearms
  4117 | D:4      | Reached skill level 1 in Shields
  4117 | D:4      | Reached XP level 7. HP: 43/53 MP: 8/8
  4293 | D:4      | Reached skill level 1 in Armour
  4961 | D:4      | Reached XP level 8. HP: 61/61 MP: 10/10
  4964 | D:4      | Reached **** piety under Cheibriados
  5057 | D:4      | Found a staircase to the Ecumenical Temple.
  5108 | D:5      | Entered Level 5 of the Dungeon
  5224 | D:5      | Reached skill level 7 in Polearms
  5472 | D:5      | Found a basalt altar of Yredelemnul.
  5584 | D:5      | Reached skill level 5 in Fighting
  5755 | D:5      | Reached XP level 9. HP: 63/68 MP: 12/12
  6041 | D:6      | Reached skill level 8 in Polearms
  6041 | D:6      | Reached skill level 5 in Throwing
  6288 | D:6      | Reached ***** piety under Cheibriados
  6302 | D:6      | Noticed a two-headed ogre
  6311 | D:6      | Killed a two-headed ogre
  6312 | D:6      | Reached skill level 5 in Invocations
  6712 | D:6      | Noticed Maggie
  6725 | D:6      | Killed Maggie
  6726 | D:6      | Reached XP level 10. HP: 64/76 MP: 12/14
  6818 | D:6      | Found a sparkling altar of Nemelex Xobeh.
  7036 | D:7      | Reached skill level 9 in Polearms
  7319 | D:7      | Found a shadowy altar of Dithmenos.
  7337 | D:7      | Found an ancient bone altar of Kikubaaqudgha.
  7566 | D:8      | Reached skill level 1 in Transmutations
  7587 | D:8      | Noticed Maurice
  7589 | D:8      | Noticed Erica
  7600 | D:8      | Killed Maurice
  7601 | D:8      | Reached skill level 1 in Spellcasting
  7639 | D:7      | Killed from afar by Erica

Illustrated notes

Levels and vault maps discovered:
D:1:      dpeg_arrival_rooms_with_view, layout_loops_corners,
          shapermc_ecumenical_altar_petra, minmay_tetromino_t2
D:2:      layout_rooms
D:3:      minmay_octagon_keep, layout_basic, mainiacjoe_overflow_alcove_2,
          mainiacjoe_overflow_paths, vehumet_crystals
D:4:      layout_cave_pods, minmay_temple_entry_antechambers
D:5:      layout_basic, lemuel_mausoleum_altar_yredelemnul
D:6:      layout_basic, lemuel_doored_altar, uniq_maggie
D:7:      layout_rooms, mainiacjoe_overflow_chevrons,
          mainiacjoe_overflow_catwalk
D:8:      layout_basic, okawaru_altar_gauntlet_db, uniq_maurice, uniq_erica

Skill      XL: |  1  2  3  4  5  6  7  8  9 10 |
---------------+-------------------------------+-----
Stealth        | 1 2 |  2.7
Polearms       | 5 6 7 8 9 |  9.5
Fighting       | 3 4 5 6 |  6.7
Invocations    | 1 2 3 4 5 |  5.9
Dodging        | 5 6 7 8 |  8.6
Throwing       | 3 4 5 6 |  6.0
Shields        | 1 2 3 4 |  4.0
Armour         | 1 2 3 |  3.6
Transmutations | 2 |  2.0
Spellcasting   | 1 |  1.4

Action                   |  1- 3 |  4- 6 |  7- 9 | 10-12 || total
-------------------------+-------+-------+-------+-------++-------
Melee: Trident           |   137 |   138 |   239 |   113 ||   627
Throw: Throwing net      |     1 |     3 |       |     1 ||     5
       Javelin           |       |     1 |     2 |       ||     3
Invok: Bend Time         |       |     2 |       |     1 ||     3
  Use: Scroll            |     6 |     1 |       |     2 ||     9
       Potion            |       |     1 |       |     1 ||     2
 Stab: Sleeping          |     5 |     6 |    14 |       ||    25
       Held in net/web   |       |     2 |       |     1 ||     3
       Distracted        |       |       |     2 |       ||     2
Armor: Leather armour    |    35 |    22 |    53 |    17 ||   127
Dodge: Dodged            |    70 |   119 |   184 |   115 ||   488

Table legend: (Time is in decaauts)
 A = Elapsed time spent in this place.
 B = Non-inter-level travel time spent in this place.
 C = Inter-level travel time spent in this place.
 D = Time resting spent in this place.
 E = Time spent auto-exploring this place.
 F = Levels seen in this place.
 G = Mean time per level.
                   A        B        C        D        E       F      G
               +--------+--------+--------+--------+--------+-----+--------+
         Total |   9908 |   9655 |    253 |    481 |   7693 |   8 | 1238.5 |
       Dungeon |   9908 |   9655 |    253 |    481 |   7693 |   8 | 1238.5 |
               +--------+--------+--------+--------+--------+-----+--------+

Top non-repeatable levels by time:
     D:3: 2227 daAuts
     D:6: 1749 daAuts
     D:4: 1655 daAuts
     D:1: 1429 daAuts
     D:5: 1017 daAuts
     D:2: 921 daAuts
     D:7: 824 daAuts
     D:8: 83 daAuts
